 Dungeon Crawl Stone Soup version 0.13-a0-2202-g857913d (webtiles) character file.

173 Kae the Firebug (level 4, 0/24 HPs)
             Began as a Tengu Fire Elementalist on July 2, 2013.
             Slain by a gnoll
             ... wielding a +0,+0 whip
              (5 damage)
             ... on Level 3 of the Dungeon.
             The game lasted 00:02:13 (2215 turns).

Kae the Firebug (Tengu Fire Elementalist)           Turns: 2215, Time: 00:02:13

HP   0/24        AC  2     Str  9      XL: 4   Next: 26%
MP   9/9         EV 12     Int 16      God:
Gold 101         SH  0     Dex 14      Spells:  2 memorised,  4 levels left

Res.Fire  : . . .   See Invis. : .   (no weapon)
Res.Cold  : . . .   Warding    : .   a - +0 robe (curse)
Life Prot.: . . .   Conserve   : .   (no shield)
Res.Poison: .       Res.Corr.  : .   (helmet restricted)
Res.Elec. : .       Clarity    : .   (no cloak)
Sust.Abil.: . .     Spirit.Shd : .   (no gloves)
Res.Mut.  : .       Stasis     : .   (boots unavailable)
Res.Rott. : .       Flight     : .   (no amulet)
Saprovore : . . .                    (no ring)
                                     (no ring)

@: slightly resistant to hostile enchantments, fairly stealthy
A: beak, talons 3
a: no special abilities


You were on level 3 of the Dungeon.
You were not hungry.

You visited 1 branch of the dungeon, and saw 3 of its levels.

You collected 81 gold pieces.

Inventory:

Armour
 a - a cursed +0 robe (worn)
Comestibles
 c - 2 bread rations
 d - a pear
Scrolls
 g - 3 scrolls of magic mapping
 h - a scroll of curse armour
Potions
 e - a potion of heal wounds {unknown}
 i - a potion of might {unknown}
 j - 2 potions of speed {unknown}
 k - a potion of cure mutation {unknown}
 m - a potion of brilliance {unknown}
 n - a potion of flight {unknown}
Books
 b - a book of Flames

   Spells                             Type                      Level
   *Flame Tongue                      Conjuration/Fire             1
   *Throw Flame                       Conjuration/Fire             2
   Conjure Flame                      Conjuration/Fire             3
   Inner Flame                        Hexes/Fire                   3
   Sticky Flame                       Conjuration/Fire             4
   Fireball                           Conjuration/Fire             5


   Skills:
 - Level 2.1 Dodging
 - Level 2.0 Stealth
 + Level 2.0 Spellcasting
 * Level 3.4 Conjurations
 * Level 4.1 Fire Magic


You had 4 spell levels left.
You knew the following spells:

 Your Spells              Type           Power        Failure   Level  Hunger
a - Flame Tongue          Conj/Fire      ##...        6%          1    #......
b - Throw Flame           Conj/Fire      ##....       10%         2    ###....


Dungeon Overview and Level Annotations

Branches:
Dungeon (3/27)

Altars:
Elyvilon
Yredelemnul


Innate Abilities, Weirdness & Mutations

You have a beak for a mouth.
You have claws for feet.


Message History

You spend a moment contemplating the meaning of life.
A gnoll is nearby!
You spend a moment contemplating the meaning of life.
A gnoll is nearby! 2 gnolls come into view.
The gnoll shouts!
A gnoll comes into view. It is wielding a glowing whip.
Found a pair of gloves.
The gnoll shouts!
The gnoll hits you with a flail. The gnoll hits you with a whip.
Casting: Flame Tongue
Confirm with . or Enter, or press ? or * to list all spells.
You don't know that spell.
Memorise Conjure Flame, consuming 3 spell levels and leaving 1?
You start memorising the spell.
You continue memorising.
You continue memorising.
The gnoll hits you with a whip!
Your memorisation is interrupted.
* * * LOW HITPOINT WARNING * * *
The gnoll hits you with a whip.
You die...

#.#*,*#.#####.......#...........#
.....##.#####.......##.##########
..#.................##.# *
..*###########.........# * ..*
#_....##..# * .#* ###.####<.#
**** g# #.####..###****,,, .#
#..........,,,,,,,
.###############@####......,,,,,,
...........g.ggg.# ##.#####*,,,,
.################# #.# **,,,
.#*******************#.# ****
.[,,,,,,,,,,,,,,,,,,,..#
##*******************###


You could see 4 gnolls.

Vanquished Creatures
  2 adders (D:3)
  2 worms (D:2)
  An ooze (D:2)
  An orc (D:3)
  9 bats
  A giant cockroach (D:1)
  3 goblins
  6 hobgoblins
  4 jackals (D:1)
  3 giant newts (D:1)
  2 kobolds (D:1)
  5 rats
39 creatures vanquished.

Vanquished Creatures (others)
  A jackal (D:2)
  A kobold (D:1)
2 creatures vanquished.

Grand Total: 41 creatures vanquished

Notes
Turn   | Place    | Note
--------------------------------------------------------------
     0 | D:1      | Kae, the Tengu Fire Elementalist, began the quest for the Orb.
     0 | D:1      | Reached XP level 1. HP: 10/10 MP: 3/3
   182 | D:1      | Reached XP level 2. HP: 13/15 MP: 5/5
   246 | D:1      | Learned a level 2 spell: Throw Flame
   856 | D:1      | Reached XP level 3. HP: 19/19 MP: 5/7
  1287 | D:2      | Found a basalt altar of Yredelemnul.
  2012 | D:3      | Reached XP level 4. HP: 24/24 MP: 4/8
  2061 | D:3      | Found a white marble altar of Elyvilon.
  2086 | D:3      | Reached skill level 4 in Fire Magic
  2215 | D:3      | Slain by a gnoll

Action                   |  1- 3 |  4- 6 || total
-------------------------+-------+-------++-------
Melee: Unarmed           |    50 |     3 ||    53
 Cast: Flame Tongue      |    48 |     5 ||    53
       Throw Flame       |     1 |       ||     1
  Use: Scroll            |       |     6 ||     6
